 Dungeon Crawl Stone Soup version 0.16.2-2-g470672f (webtiles) character file.

51 kobby the Sneak (level 3, -1/18 HPs)
             Began as a Spriggan Assassin on Aug 17, 2015.
             Killed from afar by Sigmund (2 damage)
             ... with a wand of magic darts
             ... on level 2 of the Dungeon.
             The game lasted 00:04:12 (1791 turns).

kobby the Sneak (Spriggan Assassin)                 Turns: 1791, Time: 00:04:12

Health: -1/18      AC:  3    Str:  8    XL:     3   Next: 57%
Magic:  6/6        EV: 18    Int: 12    God:
Gold:   43         SH:  0    Dex: 19    Spells: 0 memorised, 2 levels left

rFire  . . .     SeeInvis +     a - +3 dagger
rCold  . . .     Clarity  .     c - +0 robe
rNeg   . . .     SustAb   .     (shield restricted)
rPois  .         Gourm    .     (helmet restricted)
rElec  .         Spirit   .     d - +0 cloak
rCorr  .         Warding  .     (gloves unavailable)
rMut   .         Stasis   .     (boots unavailable)
MR     .....                    (no amulet)
Stlth  ++........               (no ring)
                                (no ring)

@: confused, invisible, very quick, not resistant to hostile enchantments,
unstealthy
A: unfitting armour, thin skeletal structure 1, see invisible, deterioration 1,
herbivore 3, speed 3, slow metabolism 2
a: no special abilities


You were on level 2 of the Dungeon.
You were not hungry.

You visited 1 branch of the dungeon, and saw 2 of its levels.

You collected 43 gold pieces.

Inventory:

Hand weapons
 a - a +3 dagger (weapon)
 b - a +0 blowgun
Missiles
 e - 40 poisoned needles
 f - 2 curare-tipped needles
Armour
 c - a +0 robe (worn)
 d - a +0 cloak (worn)
Scrolls
 j - 2 scrolls of identify {unknown}
 o - a scroll of teleportation {unknown}
 p - a scroll of fog {unknown}
 q - a scroll of recharging {unknown}
 r - a scroll of remove curse {unknown}
Potions
 i - a potion of haste {unknown}
 l - a potion of heal wounds {unknown}
 m - a potion of brilliance {unknown}
 n - 2 potions of might
Comestibles
 g - 3 bread rations


   Skills:
 + Level 1.5 Fighting
 + Level 2.6 Short Blades
 + Level 2.3 Throwing
 + Level 2.3 Dodging
 + Level 7.3 Stealth


You had 2 spell levels left.
You didn't know any spells.

Dungeon Overview and Level Annotations

Branches:
Dungeon (2/15)

Altars:
Nemelex Xobeh

Annotations:
D:2 Sigmund


Innate Abilities, Weirdness & Mutations

You are tiny and cannot use many weapons and most armour.
You have supernaturally acute eyesight.
You are a herbivore.
You cover ground extremely quickly.
You need consume almost no food.
You have a somewhat thin skeletal structure (Dex +2, Stealth).
Your body is slowly deteriorating.


Message History

Sigmund points at you and mumbles some strange words.
You are confused.
You bump into the rock wall.
Sigmund hits you from afar with a scythe.
You bump into the rock wall.
Drink which item? (? for menu, Esc to quit)
Okay, then.
Drink which item? (? for menu, Esc to quit)
You can't drink that!
Drink which item? (? for menu, Esc to quit)
It was a potion of mutation.
You feel extremely strange.
You feel yourself wasting away.
Your bones become slightly less dense.
Sigmund zaps a wand.
The magic dart hits you!
* * * LOW HITPOINT WARNING * * *
Sigmund closely misses you.
Drink which item? (? for menu, Esc to quit)
It was a potion of invisibility.
You fade into invisibility!
Sigmund zaps a wand.
The magic dart hits you!
You die...

#(# #.# ##### ###.#######....
#########........##.###
.......##.............#
#.....##.#.#.##....... ....
#.....##..#.... ###
#@###.....##..###.# #..
#.@...........# #.# #.#
#####.#.#####.# #.. #.#
#.#.#####.# ### #### #.#
#.........# # ...# #.#
###'#####.##### ##.# #.# ##.>.##
#...... #.# #.###
##.....######### #.# #<#.##
##.......## ##.#
##.######.>..####.........####...


You could see Sigmund.

Vanquished Creatures
  An adder (D:2)
  A giant mite (D:2)
  2 oozes (D:1)
  2 giant cockroaches (D:1)
  A hobgoblin (D:2)
  3 jackals (D:2)
  4 kobolds
  A quokka (D:2)
  4 bats
  2 giant geckos (D:1)
  7 goblins
  6 rats
34 creatures vanquished.

Notes
Turn   | Place    | Note
--------------------------------------------------------------
     0 | D:1      | kobby, the Spriggan Assassin, began the quest for the Orb.
     0 | D:1      | Reached XP level 1. HP: 10/10 MP: 2/2
    29 | D:1      | Reached skill level 6 in Stealth
   406 | D:1      | Reached XP level 2. HP: 2/14 MP: 4/4
  1393 | D:2      | Reached skill level 7 in Stealth
  1415 | D:2      | Reached XP level 3. HP: 18/18 MP: 6/6
  1561 | D:2      | Found a sparkling altar of Nemelex Xobeh.
  1776 | D:2      | Noticed Sigmund
  1789 | D:2      | Gained mutation: Your body is slowly deteriorating. [potion of mutation]
  1789 | D:2      | Gained mutation: You have a somewhat thin skeletal structure (Dex +2, Stealth). [potion of mutation]
  1791 | D:2      | Killed from afar by Sigmund

Action                   || total
-------------------------++-------
Melee: Dagger            ||    65
  Use: Scroll            ||     1
       Potion            ||     2
 Stab: Sleeping          ||    17
